 Dungeon Crawl Stone Soup version 0.27-a0-789-g6bb3289e1e (webtiles) character file.

Game seed: 10260481324067189709

37 HoaS the Ducker (level 3, -1/29 HPs)
             Began as a Djinni Gladiator on Mar 26, 2021.
             Slain by a gnoll
             ... wielding a +0 whip
              (9 damage)
             ... on level 2 of the Dungeon.
             The game lasted 00:03:01 (1226 turns).

HoaS the Ducker (Djinni Gladiator)                  Turns: 1226, Time: 00:03:01

Health: -1/29      AC:  3    Str: 13    XL:     3   Next: 41%
Gold:   46         EV: 13    Int: 10    God:
                   SH:  0    Dex: 14

rFire    + + .     SeeInvis .     - Unarmed
rCold    x . .     Faith    .   (no shield)
rNeg     . . .     Spirit   .   f - +0 robe
rPois    ∞         Reflect  .   b - +0 helmet
rElec    .         Harm     .   (no cloak)
rCorr    .         Rampage  .   (no gloves)
Will     +....                  (boots unavailable)
Stlth    +.........             (no amulet)
HPRegen  0.09/turn              e - ring of willpower
MPRegen  0.00/turn              (no ring)

@: flying
A: fire resistance 2, cold vulnerability 1, float, innate caster, hp casting,
extra vitality 1
a: no special abilities


You were on level 2 of the Dungeon.
You visited 1 branch of the dungeon, and saw 2 of its levels.

You collected 46 gold pieces.

Inventory:

Missiles
 c - a throwing net (quivered)
Armour
 b - a +0 helmet (worn)
 f - a +0 robe (worn)
Jewellery
 e - a ring of willpower (right hand)
Potions
 d - a potion of haste {unknown}
 g - a potion of berserk rage {unknown}


   Skills:
 + Level 2.4 Fighting
 - Level 1.5 Throwing
 + Level 3.6 Dodging
 * Level 3.6 Unarmed Combat
 + Level 0.8 Spellcasting


You had 2 spell levels left.
You knew the following spells:

 Your Spells              Type           Power      Damage    Failure   Level
a - Shock                 Conj/Air       8%         1d3       26%         1
Your spell library was empty.

Dungeon Overview and Level Annotations

Branches:
Dungeon (2/15)

Altars:
Kikubaaqudgha


Innate Abilities, Weirdness & Mutations

You are immune to poison.
Your flesh is very heat resistant. (rF++)
You are vulnerable to cold. (rC-)
You float through the air rather than walking.
You learn spells naturally, not from books.
Your magical power is your life essence.
You have superior vitality. (+4 HP)


Message History

The gnoll is moderately wounded.
The gnoll struggles against the net.
You hit the gnoll.
The gnoll is heavily wounded.
The gnoll struggles against the net.
You hit the gnoll.
The gnoll is severely wounded.
The gnoll struggles against the net.
You catch the helpless gnoll completely off-guard!
You hit the gnoll.
The gnoll is almost dead.
The gnoll struggles against the net.
The net rips apart, and the gnoll comes free!
You barely miss the gnoll.
The gnoll is almost dead.
The gnoll hits you with a +0 club.
You hit the gnoll but do no damage.
The gnoll is almost dead.
The gnoll hits you with a +0 club.
* * * LOW HITPOINT WARNING * * *
You hit the gnoll.
You kill the gnoll!
Throw: 2 throwing nets
Press: ? - help, Shift-Dir - straight line, f - gnoll
Aim: a gnoll, wielding a +0 whip (63% to hit)
You throw a throwing net. The throwing net hits the gnoll.
The gnoll is caught in the net!
The gnoll struggles against the net.
You catch the helpless gnoll completely off-guard!
You hit the gnoll but do no damage.
The gnoll struggles against the net.
You hit the gnoll but do no damage.
The gnoll struggles against the net.
You hit the gnoll but do no damage.
The gnoll struggles against the net.
You hit the gnoll. You punch the gnoll, but do no damage.
The gnoll is moderately wounded.
The gnoll struggles against the net.
The net rips apart, and the gnoll comes free!
You hit the gnoll.
The gnoll is severely wounded.
The gnoll hits you with a +0 whip!
You die...

#....#.......
######...[#.......
#.........'.......
#.####....##......
#.# #######......
#.# #...... #.#
#...... #.#
.....## #@# ....#
#g# ..... #.# #.#
#.# #.# #.# +##
#.# .... #.# .....


You could see a gnoll.

Vanquished Creatures
  A gnoll (D:2)
  An adder (D:2)
  2 giant cockroaches (D:1)
  3 hobgoblins
  2 kobolds
  A quokka (D:1)
  3 frilled lizards
  3 goblins (D:2)
  A rat (D:1)
17 creatures vanquished.

Vanquished Creatures (collateral kills)
  A worm (D:2)
1 creature vanquished.

Vanquished Creatures (others)
  A human (D:2)
1 creature vanquished.

Grand Total: 19 creatures vanquished

Notes
Turn   | Place    | Note
-------+----------+-------------------------------------------
     0 | D:1      | HoaS the Djinni Gladiator began the quest for the Orb.
     0 | D:1      | Reached XP level 1. HP: 18/18 MP: 0/0
   297 | D:1      | Reached XP level 2. HP: 22/23 MP: 0/0
   680 | D:2      | Reached XP level 3. HP: 19/28 MP: 0/0
   680 | D:2      | Learned a level 1 spell: Shock
  1109 | D:2      | Noticed a human
  1112 | D:2      | Killed a human
  1226 | D:2      | Slain by a gnoll

Illustrated notes

Levels and vault maps discovered:
D:1:      zaba_arrival_water, layout_rooms, minmay_misc_feat_more_columns,
          chequers_serial_rivers_micro_c
D:2:      layout_basic, nicolae_overflow_hidden_temple, tgw_kikubaaqudgha

Action                   || total
-------------------------++-------
Melee: Unarmed           ||    83
       Punch             ||     3
Throw: Throwing net      ||     2
  Use: Scroll            ||     1
 Stab: Held in net/web   ||     3
Armor: Leather armour    ||     7
Dodge: Dodged            ||    36

Table legend: (Time is in decaauts)
 A = Elapsed time spent in this place.
 B = Non-inter-level travel time spent in this place.
 C = Inter-level travel time spent in this place.
 D = Time resting spent in this place.
 E = Time spent auto-exploring this place.
 F = Levels seen in this place.
 G = Mean time per level.
                   A        B        C        D        E       F      G
               +--------+--------+--------+--------+--------+-----+--------+
         Total |   1219 |   1182 |     37 |    499 |    490 |   2 |  609.5 |
       Dungeon |   1219 |   1182 |     37 |    499 |    490 |   2 |  609.5 |
               +--------+--------+--------+--------+--------+-----+--------+

Top non-repeatable levels by time:
     D:1: 619 daAuts
     D:2: 600 daAuts
